 Dungeon Crawl Stone Soup version 0.18.1-8-gdd0e5ea (webtiles) character file.

105 Scarto the Skirmisher (level 4, 0/37 HPs)
             Began as a Demonspawn Fighter on June 7, 2016.
             Was an Initiate of Trog.
             Killed from afar by an orc wizard (1 damage)
             ... with a magic dart
             ... on level 3 of the Dungeon.
             The game lasted 00:04:12 (1850 turns).

Scarto the Skirmisher (Demonspawn Fighter)          Turns: 1850, Time: 00:04:12

Health: 0/37       AC:  8    Str: 17    XL:     4   Next: 53%
Magic:  4/4        EV:  7    Int:  9    God:    Trog [......]
Gold:   60         SH: 11    Dex: 13    Spells: 0 memorised, 3 levels left

rFire  . . .     SeeInvis .     a - +0 war axe
rCold  . . .     Gourm    .     b - +0 scale mail
rNeg   . . .     Faith    .     c - +0 shield
rPois  .         Spirit   .     (no helmet)
rElec  .         Dismiss  .     (no cloak)
rCorr  .         Reflect  .     (no gloves)
SustAt .         Harm     .     (no boots)
MR     .....                    (no amulet)
Stlth  ..........               (no ring)
                                (no ring)

@: not resistant to hostile enchantments, extremely unstealthy
A: talons 1, large bone plates 1
a: Burn Spellbooks, Renounce Religion


You were on level 3 of the Dungeon.
You worshipped Trog.
Trog was noncommittal.
You were not hungry.

You visited 1 branch of the dungeon, and saw 3 of its levels.

You collected 60 gold pieces.

Inventory:

Hand Weapons
 a - a +0 war axe (weapon)
Armour
 b - a +0 scale mail (worn)
 c - a +0 shield (worn)
Scrolls
 l - a scroll of enchant armour {unknown}
 m - a scroll of fog {unknown}
Potions
 d - a potion of might
 g - a potion of ambrosia
 h - 3 potions of curing
 j - a potion of heal wounds
 k - a potion of agility
Comestibles
 i - a meat ration
 n - a beef jerky
 o - a slice of pizza


   Skills:
 + Level 3.9 Fighting
 + Level 2.5 Axes
 + Level 3.2 Armour
 + Level 3.2 Shields


You had 3 spell levels left.
You didn't know any spells.

Dungeon Overview and Level Annotations

Branches:
Dungeon (3/15)

Altars:
Ashenzari
Trog
Xom


Innate Abilities, Weirdness & Mutations

You have sharp toenails.
You are partially covered in large bone plates (AC +2, SH +2).


Message History

Deactivating autopickup; reactivate with Ctrl-A.
You hear some strange, mumbled words.
A puff of flame appears from out of thin air!
The puff of flame hits you!
You miss something. You block something's attack.
You hear some strange, mumbled words.
A puff of flame appears from out of thin air!
The puff of flame hits you!
* * * LOW HITPOINT WARNING * * *
You completely miss something. Your kick misses something.
Something hits you but does no damage.
You miss something. Your kick misses something.
Something hits you but does no damage.
Unknown command.
Your shield and scale mail prevent you from hitting something.
You claw something. Something hits you but does no damage.
You hear some strange, mumbled words.
A magic dart appears from out of thin air!
The magic dart hits you!
You die...

..##########'#######.#.....
+#.#.#.#.#.#.#)#.#.#.#......
#.#.#.#.#.#.#.#.#.#.#..#####
#.#.#.#.#.#)#)#.#.#.#.#
#.#.#.#.#o#w#.#.#.#..#
#.#.#.#.#.#....+#+#..#
#.#.#o#.#.#.........#
#.#.#{#.#......(....#
#.#.#@#.#.#......#.#
#.#.#.#.#.#.#.#.###.#
#.#.#.#.#.#.#.#.#.# #
#.#.#.#.#+#.#.#.#.##
#.#.#.#.#.. ..#. #. #.#.#.#
... ..# #.#.#.# ... #.# .#
.# #+ #.


You could see an orc.

Vanquished Creatures
  An orc priest (D:3)
  3 adders
  A worm (D:2)
  A dart slug (D:1)
  A giant gecko (D:1)
  2 orcs (D:3)
  2 giant cockroaches (D:2)
  6 goblins
  4 hobgoblins
  4 jackals (D:1)
  3 kobolds
  3 ball pythons
  3 bats (D:2)
  3 giant newts
  3 rats
40 creatures vanquished.

Notes
Turn   | Place    | Note
--------------------------------------------------------------
     0 | D:1      | Scarto the Demonspawn Fighter began the quest for the Orb.
     0 | D:1      | Reached XP level 1. HP: 18/18 MP: 1/1
   120 | D:1      | Gained mutation: You have sharp toenails. [demonic ancestry]
   120 | D:1      | Reached XP level 2. HP: 24/24 MP: 2/2
   423 | D:1      | You fall through a shaft!
   565 | D:2      | Reached XP level 3. HP: 26/29 MP: 3/3
  1064 | D:2      | Found a bloodstained altar of Trog.
  1070 | D:2      | Found a shimmering altar of Xom.
  1110 | D:2      | Became a worshipper of Trog the Wrathful
  1654 | D:3      | Found a shattered altar of Ashenzari.
  1690 | D:3      | Gained mutation: You are partially covered in large bone plates (AC +2, SH +2). [demonic ancestry]
  1690 | D:3      | Reached XP level 4. HP: 37/37 MP: 4/4
  1847 | D:3      | HP: 1/37 [something/puff of flame (9)]
  1850 | D:3      | Killed from afar by an orc wizard

Skill      XL: |  1  2  3 |
---------------+----------+-----
Axes           | 2 |  2.5
Armour         | 3 |  3.2
Shields        | 3 |  3.2
Fighting       | |  3.9

Action                   |  1- 3 |  4- 6 || total
-------------------------+-------+-------++-------
Melee: War axe           |   125 |    41 ||   166
       Kick              |    19 |    12 ||    31
  Use: Scroll            |     3 |       ||     3
       Potion            |     1 |       ||     1
  Eat: Chunk             |     1 |       ||     1
       Bread ration      |       |     1 ||     1
Armor: Scale mail        |    61 |    17 ||    78
Dodge: Dodged            |    50 |     7 ||    57
Block: Shield            |    64 |    23 ||    87
